 Dungeon Crawl Stone Soup version 0.31-a0-640-g39d97e502b (webtiles) character file.

Game seed: 7602385719478044201

34169 Bnni the Impaler (level 14, 0/112 (118) HPs)
             Began as a Formicid Fighter on Aug 18, 2023.
             Was an Initiate of Yredelemnul.
             Slain by a reaper
             ... wielding a +2 scythe of freezing
              (32 damage)
             ... in an ice cave on Aug 28, 2023.
             The game lasted 00:32:58 (18069 turns).

Bnni the Impaler (Formicid Fighter)                Turns: 18069, Time: 00:32:58

HP:   0/112 (118)   AC: 15    Str: 24    XL:     14   Next: 11%
MP:   23/23         EV:  8    Int: 13    God:    Yredelemnul [......]
Gold: 843           SH: 11    Dex: 13    Spells: 9/13 levels left

rFire   + + .        b - +5 halberd
rCold   + + +        P - +1 buckler {rC+}
rNeg    . . .        F - +1 chain mail {rC+}
rPois   .            (helmet unavailable)
rElec   .            t - scarf of Weirdness {rC+ rF+, Fly SInv Stlth-}
rCorr   .            A - +0 pair of gloves
SInv    +            M - +2 pair of boots of Uphampoez {Int+3}
Will    +....        n - amulet of reflection Stlth
                     G - ring of protection from fire
HPRegen 0.38/turn    (no ring)
MPRegen 0.18/turn

%: reflection
@: flying, drained
A: permanent stasis, dig shafts and tunnels, antennae 3, four strong arms
a: Dig, Renounce Religion, Recall Undead Harvest


You were in an ice cave.
You worshipped Yredelemnul.
Yredelemnul was pleased with you.
You visited 3 branches of the dungeon, and saw 18 of its levels.
You also visited: Sewer and Ice Cave.

You collected 1031 gold pieces.
You spent 188 gold pieces at shops.

Inventory:

Hand Weapons
 b - a +5 halberd (weapon)
 E - a +2 whip of venom
Missiles
 i - 19 boomerangs
 u - 3 curare-tipped darts
 D - 7 poisoned darts
Armour
 a - a +0 cloak of willpower
 t - the scarf of Weirdness (worn) {rC+ rF+, Fly SInv Stlth-}
   (You acquired it on level 12 of the Dungeon)

   SInv:      It lets you see invisible.
   Fly:       It grants you flight.
   Stlth-:    It makes you less stealthy.
 A - a +0 pair of gloves (worn)
 F - a +1 chain mail of cold resistance (worn)
 M - the +2 pair of boots of Uphampoez (worn) {Int+3}
   (You found it on level 11 of the Dungeon)

   Int+3:     It affects your intelligence (+3).
 P - a +1 buckler of cold resistance (worn)
Jewellery
 n - an amulet of reflection (around neck)
 G - a ring of protection from fire (left hand)
Wands
 g - a wand of light (2)
 m - a wand of paralysis (5)
 o - a wand of flame (32)
 w - a wand of mindburst (22)
 J - a wand of roots (5)
Scrolls
 d - a scroll of enchant armour
 e - 2 scrolls of brand weapon {unknown}
 f - 2 scrolls of poison {unknown}
 k - a scroll of butterflies
 l - 3 scrolls of amnesia
 p - 6 scrolls of revelation
 q - 2 scrolls of enchant weapon
 r - 5 scrolls of fear {unknown}
 s - 2 scrolls of fog
 y - a scroll of vulnerability
 C - a scroll of noise {unknown}
Potions
 h - a potion of attraction
 j - a potion of brilliance
 v - a potion of ambrosia {unknown}
 z - 4 potions of curing
 B - a potion of invisibility {unknown}
 H - a potion of degeneration {unknown}
 I - a potion of lignification {unknown}
 K - a potion of enlightenment {unknown}
 L - a potion of magic {unknown}
 N - a potion of haste {unknown}
 O - a potion of mutation {unknown}


   Skills:
 + Level 13.1 Fighting
 * Level 16.3 Polearms
 + Level 5.7 Armour
 - Level 5.0 Shields
 + Level 12.9 Invocations


You had 9 spell levels left.
You knew the following spells:

 Your Spells              Type           Power      Damage    Failure   Level
a - Animate Armour        Summ/Erth      0%         N/A       100%        4

Your spell library contained the following spells:

 Spells                   Type           Power      Damage    Failure   Level
 Sting                    Tmut/Pois      0%         1d3       88%         1
 Poisonous Vapours        Pois/Air       0%         N/A       96%         2
 Mephitic Cloud           Conj/Pois/Air  0%         N/A       99%         3
 Volatile Blastmotes      Fire/Tloc      0%         2d10      99%         3
 Fulminant Prism          Conj/Hex       0%         3d5       100%        4
 Iskenderun's Mystic Bla  Conj/Tloc      0%         2d3       100%        4
 Olgreb's Toxic Radiance  Pois           0%         N/A       100%        4
 Passage of Golubria      Tloc           0%         N/A       100%        4
 Summon Lightning Spire   Summ/Air       0%         N/A       100%        4
 Borgnjor's Vile Clutch   Necr/Erth      0%         N/A       100%        5
 Fireball                 Conj/Fire      0%         3d3       100%        5
 Freezing Cloud           Conj/Ice/Air   0%         6-21      100%        5
 Lee's Rapid Deconstruct  Erth           0%         3d4*      100%        5
 Summon Forest            Summ/Tloc      0%         N/A       100%        5
 Summon Mana Viper        Hex/Summ       0%         N/A       100%        5
 Malign Gateway           Summ/Tloc      0%         N/A       100%        7


Dungeon Overview and Level Annotations

Branches:
Dungeon (13/15)            Temple (1/1) D:4            Lair (4/5) D:11
  Swamp (0/4) Lair:3       Spider (0/4) Lair:3          Orc (0/2) D:12
  Sewer (visited)           IceCv (1/1)
  Slime: Lair:4-5    Vaults: D:13-14

Altars:
Ashenzari
Cheibriados
Dithmenos
Elyvilon
Fedhas
Gozag
Hepliaklqana
Kikubaaqudgha
Makhleb
Nemelex Xobeh
Okawaru
Qazlal
Ru
Sif Muna
Trog
Uskayaw
Vehumet
Wu Jian
Xom
Yredelemnul
Zin
The Shining One

Shops:
D:5 ?   D:12 *


Innate Abilities, Weirdness & Mutations

You cannot be hasted, slowed, berserked, paralysed or teleported.
You can dig through walls and to a lower floor.
You have a pair of large antennae on your head. (SInv)
Your four strong arms can wield two-handed weapons with a shield.


Message History

The reaper is heavily wounded.
The reaper is blinded.
The reaper hits you with a +2 scythe of freezing!
* * * LOW HITPOINT WARNING * * *
You feel much better. The reaper completely misses you.
You hit the reaper but do no damage.
The reaper is heavily wounded.
You impale the reaper!!
The reaper is severely wounded.
The reaper barely misses you.
You hit the reaper.
The reaper is severely wounded.
The reaper hits you with a +2 scythe of freezing!
* * * LOW HITPOINT WARNING * * *
You feel much better. The reaper barely misses you.
You catch the helpless reaper completely off-guard!
You hit the reaper but do no damage.
The reaper is severely wounded.
The reaper hits you with a +2 scythe of freezing!
You hit the reaper.
The reaper is severely wounded.
You slash the reaper!
The reaper is almost dead.
The reaper barely misses you.
You hit the reaper but do no damage.
The reaper is almost dead.
The reaper is no longer blind.
You block the reaper's attack.
You barely miss the reaper.
The reaper is almost dead.
The reaper hits you with a +2 scythe of freezing.
* * * LOW HITPOINT WARNING * * *
Aiming: Bolt of Light
Press: ? - help, Shift-Dir - straight line, f/p - reaper
Aim: a reaper, wielding a +2 scythe of freezing, wearing a +1 robe of cold resistance and wearing a ring of protection from cold (almost dead, 71% to hit)
The bolt of light hits the reaper but does no damage.
The reaper is almost dead.
The reaper is blinded.
The reaper hits you with a +2 scythe of freezing!!
You die...
Your body rises from the dead as a mindless zombie.

##b..b..####..##
##{.bbbb.#{.....
##..bb.bb##b...
.
#....bbb##b....
##....b..bb..#
##b{...###..#
###{{#....4#
#2###.....#
##@#####5....
###


bb.. #.# . You could see a reaper (blind).

Vanquished Creatures
  Harold (D:9)
  Erolcha (D:9)
  4 two-headed ogres
  2 catoblepae
  A boulder beetle (D:12)
  A death yak (Lair:3)
  Sonja (D:10)
  A skyshark (Lair:4)
  A manticore (D:11)
  A cyclops (D:12)
  2 black mambas (Lair:1)
  Maurice (D:10)
  A gargoyle (D:11)
  An unseen horror (D:11)
  5 cane toads
  2 ice statues (IceCv)
  A rime drake (Lair:2)
  A freezing wraith (IceCv)
  4 komodo dragons
  2 ice devils (IceCv)
  An anaconda simulacrum (IceCv)
  3 trolls
  2 blink frogs (Lair:2)
  2 slime creatures (D:12)
  2 shadows
  A wyvern (D:8)
  A wraith (D:10)
  22 yaks
  A vampire (D:12)
  Grum (D:9)
  2 death yak simulacra (IceCv)
  2 redbacks (Lair:3)
  A basilisk (Lair:4)
  A harpy simulacrum (IceCv)
  An acid dragon (D:11)
  11 water moccasins
  An orc warrior (D:9)
  4 sky beasts
  2 ice beasts (D:8)
  A black bear (D:5)
  6 wolves
  4 centaurs
  2 phantoms (D:4)
  2 kobold brigands
  A gnoll sergeant (D:4)
  10 bullfrogs
  4 scorpions
  A two-headed ogre simulacrum (IceCv)
  17 wights
  3 killer bees (D:8)
  2 howler monkeys
  An electric eel (Lair:3)
  3 hounds
  4 jellies
  10 orc priests
  A gnoll bouda (D:6)
  Jessica (D:3)
  Ijyb (D:4)
  3 iguanas
  3 orc wizards
  4 troll simulacra (IceCv)
  A spriggan simulacrum (IceCv)
  2 polar bear simulacra (IceCv)
  A wolf simulacrum (IceCv)
  9 gnolls
  9 adders
  10 white imps
  5 ufetubi
  A dart slug (D:4)
  44 orcs
  11 ball pythons
  5 endoplasms
  17 giant cockroaches
  10 goblins
  7 hobgoblins
  5 jackals
  7 kobolds
  11 quokkas
  3 bats (D:1)
  10 frilled lizards
  3 rats
350 creatures vanquished.

Vanquished Creatures (collateral kills)
  A hydra (Lair:2)
  A death yak (Lair:3)
  2 two-headed ogres (D:11)
  A cyclops (D:11)
  2 ugly things
  A black mamba (Lair:3)
  A cane toad (Lair:3)
  A komodo dragon (D:11)
  3 trolls
  2 blink frogs (Lair:2)
  A slime creature (D:12)
  A basilisk (Lair:1)
  10 yaks
  An acid dragon (D:11)
  4 water moccasins
  An orc warrior (D:12)
  A phantom (D:6)
  An orc priest (D:12)
  An orc wizard (D:11)
  6 white imps (Lair:4)
  13 orcs
  3 kobolds
58 creatures vanquished.

Vanquished Creatures (others)
  2 two-headed ogre zombies (D:9)
  A cane toad zombie (Lair:1)
  4 water moccasin zombies
  2 yak zombies (D:9)
  A troll zombie (D:11)
  An ogre zombie (D:9)
  3 bullfrog zombies
  A centaur zombie (D:9)
  A scorpion zombie (D:6)
  A killer bee zombie (D:8)
  2 sky beast zombies
  A howler monkey zombie (D:9)
  2 spectral white imps
  An adder zombie (D:6)
  A gnoll zombie (D:7)
  A jackal zombie (D:5)
  2 kobold zombies (D:11)
  12 orc zombies (D:12)
  2 spectral ufetubi (IceCv)
41 creatures vanquished.

Grand Total: 449 creatures vanquished

Notes
Turn   | Place    | Note
-------+----------+-------------------------------------------
     0 | D:1      | Bnni the Formicid Fighter began the quest for the Orb.
     0 | D:1      | Reached XP level 1. HP: 18/18 MP: 1/1
    89 | D:1      | Reached XP level 2. HP: 24/24 MP: 2/2
   391 | D:1      | Reached XP level 3. HP: 26/29 MP: 3/3
  1124 | D:2      | Got Quthairo's Vellum of Points
  1189 | D:2      | Reached XP level 4. HP: 37/37 MP: 4/4
  1398 | D:3      | Reached skill level 3 in Polearms
  1398 | D:3      | Reached skill level 5 in Shields
  1650 | D:3      | Reached XP level 5. HP: 40/42 MP: 5/5
  1713 | D:3      | Noticed Jessica
  1720 | D:3      | Killed Jessica
  1727 | D:3      | Reached skill level 4 in Polearms
  2151 | D:4      | Noticed a phantom
  2165 | D:4      | Killed a phantom
  2166 | D:4      | Reached XP level 6. HP: 42/49 MP: 6/6
  2332 | D:4      | Reached skill level 5 in Polearms
  2456 | D:4      | Noticed Ijyb
  2491 | D:4      | Killed Ijyb
  2492 | D:4      | Reached skill level 5 in Fighting
  2703 | D:4      | Found a glowing drain.
  2715 | Sewer    | Entered a sewer
  2883 | Sewer    | Reached XP level 7. HP: 56/56 MP: 7/7
  3122 | Sewer    | Reached skill level 6 in Polearms
  3341 | D:4      | Found a staircase to the Ecumenical Temple.
  3350 | Temple   | Entered the Ecumenical Temple
  3366 | Temple   | Became a worshipper of Yredelemnul the Dark
  3473 | D:4      | Reached skill level 1 in Invocations
  3982 | D:5      | Entered Level 5 of the Dungeon
  3986 | D:5      | Found Ikuvikot's Magic Scroll Boutique.
  4010 | D:5      | Reached XP level 8. HP: 55/64 MP: 9/9
  4053 | D:5      | Bought a scroll of identify for 28 gold pieces
  4053 | D:5      | Bought a scroll of identify for 28 gold pieces
  4053 | D:5      | Bought a scroll of identify for 28 gold pieces
  4338 | D:5      | Reached skill level 7 in Polearms
  5820 | D:6      | Reached * piety under Yredelemnul
  5821 | D:6      | Reached skill level 8 in Polearms
  5821 | D:6      | Reached XP level 9. HP: 69/71 MP: 10/12
  5865 | D:6      | Reached ** piety under Yredelemnul
  6305 | D:7      | Reached skill level 5 in Invocations
  6370 | D:7      | Reached skill level 9 in Polearms
  6581 | D:7      | Learned a level 4 spell: Animate Armour
  7086 | D:7      | Found an opulent altar of Gozag.
  7097 | D:7      | Found a shimmering blue altar of Sif Muna.
  7209 | D:8      | Reached XP level 10. HP: 56/79 MP: 14/14
  7221 | D:8      | You fall into a shaft and drop 1 floor!
  7479 | D:9      | Reached skill level 10 in Polearms
  7841 | D:9      | Noticed a two-headed ogre
  7846 | D:9      | Noticed Erolcha
  7853 | D:9      | Killed a two-headed ogre
  7862 | D:9      | Killed Erolcha
  7863 | D:9      | Reached skill level 11 in Polearms
  7869 | D:9      | Your ally Erolcha died
  8092 | D:9      | Noticed a two-headed ogre
  8103 | D:9      | Killed a two-headed ogre
  8104 | D:9      | Reached XP level 11. HP: 68/89 MP: 15/17
  8202 | D:9      | Noticed Harold
  8214 | D:9      | Killed Harold
  8269 | D:9      | Found a shimmering altar of Xom.
  8347 | D:9      | Reached *** piety under Yredelemnul
  8347 | D:9      | Reached skill level 12 in Polearms
  8385 | D:9      | Noticed Grum
  8400 | D:9      | Killed Grum
  8404 | D:9      | Reached skill level 10 in Fighting
  9121 | D:8      | Identified the +6 mace of the Old World {vamp, rCorr Int-4
                  | Dex+4 Stlth+}
  9460 | D:8      | Identified the +0 falchion "Zuxzidgh" {spect, rC+}
 10189 | D:10     | Entered Level 10 of the Dungeon
 10190 | D:10     | Upgraded the game from 0.31-a0-569-g7ea453304b to
                  | 0.31-a0-640-g39d97e502b
 10222 | D:10     | Noticed Maurice
 10232 | D:10     | Killed Maurice
 10255 | D:10     | Noticed a two-headed ogre
 10273 | D:10     | Killed a two-headed ogre
 10274 | D:10     | Reached skill level 13 in Polearms
 10415 | D:10     | Noticed a two-headed ogre
 10419 | D:10     | Noticed Sonja
 10421 | D:10     | Killed a two-headed ogre
 10422 | D:10     | Killed Sonja
 10423 | D:10     | Reached skill level 10 in Invocations
 10423 | D:10     | Reached XP level 12. HP: 97/99 MP: 19/19
 11000 | D:11     | Found a staircase to the Lair.
 11440 | D:11     | Reached skill level 14 in Polearms
 11441 | D:11     | Reached **** piety under Yredelemnul
 11668 | D:11     | Identified the +2 pair of boots of Uphampoez {Int+3}
 11700 | D:11     | Got Kuqenoer's Advanced Steps in Incantation
 11801 | D:11     | Noticed a two-headed ogre
 11805 | D:11     | Killed a two-headed ogre
 11806 | D:11     | Reached ***** piety under Yredelemnul
 12017 | D:11     | Noticed a two-headed ogre
 12024 | D:11     | Killed a two-headed ogre
 12337 | D:12     | Found a staircase to the Orcish Mines.
 12783 | D:12     | Noticed a boulder beetle
 12800 | D:12     | Killed a boulder beetle
 13019 | D:12     | Found Huihukk's Hallowed Reliquary.
 13025 | D:12     | Noticed an angel
 13029 | D:12     | Bought a potion of curing for 39 gold pieces
 13029 | D:12     | Bought a potion of heal wounds for 65 gold pieces
 13171 | D:12     | Reached XP level 13. HP: 65/107 MP: 21/21
 13820 | D:12     | Identified a scroll of acquirement
 13821 | D:12     | Acquired the scarf of Weirdness {rC+ rF+, Fly SInv Stlth-}
 13834 | D:13     | Noticed a four-headed hydra
 13869 | Lair:1   | Entered Level 1 of the Lair of Beasts
 13984 | Lair:1   | Noticed a catoblepas
 13991 | Lair:1   | Killed a catoblepas
 13992 | Lair:1   | Reached skill level 15 in Polearms
 14550 | Lair:1   | Reached ****** piety under Yredelemnul
 15176 | Lair:2   | Noticed a seven-headed hydra
 15189 | Lair:2   | Killed a seven-headed hydra
 16272 | Lair:3   | Noticed a catoblepas
 16281 | Lair:3   | Killed a catoblepas
 16530 | Lair:3   | Found a staircase to the Swamp.
 16560 | Lair:3   | Found a hole to the Spider Nest.
 17071 | Lair:3   | Reached skill level 16 in Polearms
 17071 | Lair:3   | Reached skill level 5 in Armour
 17230 | Lair:4   | Reached XP level 14. HP: 56/118 MP: 21/23
 17235 | Lair:4   | Found a frozen archway.
 17353 | IceCv    | Entered an ice cave
 18025 | IceCv    | Noticed a reaper
 18069 | IceCv    | Slain by a reaper

Illustrated notes

Levels and vault maps discovered:
D:1:      lemuel_arrival_broad_hall, layout_rooms, serial_curves,
          eino_curves_04, eino_curves_04, chequers_garden
D:2:      layout_loops_ring, chequers_serial_rivers_micro_b
D:3:      layout_basic, uniq_jessica
D:4:      layout_cave_pools, temple_hall, portal_sewer_entry_f,
          serial_bayou_pond_a, chequers_arboretum, chequers_hall_statues_wall_a,
          eino_tiny_chamber, minmay_distorted, uniq_ijyb
D:5:      layout_layer_cave, serial_shops, shop, abandoned_shop
D:6:      layout_rooms
D:7:      layout_basic, amethyst_overflow_temple_binary,
          kennysheep_generic_room_10
D:8:      layout_basic
D:9:      layout_loops_ring, mainiacjoe_overflow_six_doors_small, uniq_grum,
          uniq_harold, uniq_erolcha
D:10:     layout_rooms, nicolae_kite_square_tiling_tiny,
          amcnicky_mini_rare_corridor_liquid, hangedman_decor_clover_reticule,
          kennysheep_doodads, uniq_sonja, uniq_maurice
D:11:     kennysheep_ambush_hall, layout_irregular_city, david_lair_shrubbed
D:12:     layout_layer_cave, hiddenorc2_lemuel, nicolae_good_shop
D:13:     wad_woods_minihive, layout_basic, lightli_vaults_fourway_checkpoint
Temple:   nicolae_temple_bog_church
Lair:1:   layout_roguey, grunt_megastairs_3
Lair:2:   layout_loops_ring, special_room
Lair:3:   layout_concentric_octagons, swamp_mist, spider_nest_entry_webs,
          serial_bayou_shore_a
Lair:4:   layout_regular_city, portal_ice_cave_entry_imps, kennysheep_rathole,
          grunt_megastairs_2
IceCv:    ice_cave_small_demon

Skill      XL: |  1  2  3  4  5  6  7  8  9 10 11 12 13 |
---------------+----------------------------------------+-----
Polearms       | 3 4 5 6 8 9 11 13 14 16 | 16.3
Shields        | 5 |  5.0
Fighting       | 4 5 6 8 9 10 11 13 | 13.1
Invocations    | 1 4 6 8 10 11 12 | 12.9
Armour         | 5 |  5.7

Action                     |  1- 3 |  4- 6 |  7- 9 | 10-12 | 13-15 || total
---------------------------+-------+-------+-------+-------+-------++-------
  Melee: Trident           |    91 |   228 |   149 |       |       ||   468
         Dagger            |       |       |    77 |       |       ||    77
         Halberd           |       |       |   176 |   357 |   352 ||   885
         Whip              |       |       |       |     6 |       ||     6
         Glaive            |       |       |       |    59 |       ||    59
  Throw: Dart              |       |       |       |     9 |       ||     9
 Invoke: Recall Undead Har |       |       |     2 |    10 |     7 ||    19
         Dark Bargain      |       |       |       |     2 |     2 ||     4
         Bind Soul         |       |       |       |     2 |       ||     2
Ability: Dig               |     1 |       |     2 |     2 |     1 ||     6
         Shaft Self        |       |       |       |     1 |       ||     1
  Evoke: Wand              |       |       |       |     3 |     6 ||     9
    Use: Scroll            |       |     4 |     4 |     1 |     8 ||    17
         Potion            |       |     2 |     2 |     4 |     4 ||    12
   Stab: Distracted        |       |       |     3 |     2 |     2 ||     7
         Invisible         |       |       |       |     1 |     1 ||     2
 Armour: Scale mail        |    17 |       |       |       |       ||    17
         Plate armour      |    12 |    87 |   209 |    26 |       ||   334
         Skin              |     1 |       |       |       |       ||     1
         Chain mail        |       |       |       |    84 |   103 ||   187
  Dodge: Dodged            |    27 |    62 |   100 |    87 |    68 ||   344
  Block: Buckler           |    13 |    38 |    99 |    66 |    79 ||   295

Table legend: (Time is in decaauts)
 A = Elapsed time spent in this place.
 B = Non-inter-level travel time spent in this place.
 C = Inter-level travel time spent in this place.
 D = Time resting spent in this place.
 E = Time spent auto-exploring this place.
 F = Levels seen in this place.
 G = Mean time per level.
                   A        B        C        D        E       F      G
               +--------+--------+--------+--------+--------+-----+--------+
         Total |  18092 |  17484 |    608 |   2707 |  11659 |  20 |  904.6 |
       Dungeon |  13270 |  12797 |    473 |   1973 |   8588 |  13 | 1020.8 |
        Temple |     32 |      2 |     30 |      0 |      0 |   1 |   32.0 |
          Lair |   3420 |   3316 |    104 |    286 |   2654 |   4 |  855.0 |
         Sewer |    684 |    684 |      0 |    133 |    205 |   1 |  684.0 |
      Ice Cave |    684 |    684 |      0 |    315 |    212 |   1 |  684.0 |
               +--------+--------+--------+--------+--------+-----+--------+

Top non-repeatable levels by time:
     D:9: 1789 daAuts
    D:12: 1663 daAuts
  Lair:3: 1391 daAuts
     D:5: 1367 daAuts
     D:8: 1294 daAuts
     D:4: 1186 daAuts
    D:11: 1118 daAuts
  Lair:1: 1010 daAuts
     D:6: 952 daAuts
  Lair:2: 862 daAuts
     D:3: 850 daAuts
     D:7: 838 daAuts
    D:10: 832 daAuts
     D:1: 767 daAuts
   IceCv: 684 daAuts
